 Dungeon Crawl Stone Soup version 0.29.1-15-g9cfb28693d (webtiles) character file.

Game seed: 483589840730880998

351 LustLizard the Gusty (level 6, -8/34 HPs)
             Began as a Deep Elf Air Elementalist on Apr 11, 2023.
             Mangled by Duvessa
             ... wielding a +0 short sword
              (12 damage)
             ... on level 4 of the Dungeon.
             The game lasted 00:06:29 (3883 turns).

LustLizard the Gusty (Deep Elf Air Elementalist)    Turns: 3883, Time: 00:06:29

Health: -8/34      AC:  3    Str:  7    XL:     6   Next: 34%
Magic:  14/14      EV: 11    Int: 20    God:
Gold:   278        SH:  4    Dex: 15    Spells: 5/13 levels left

rFire   . . .      SeeInvis .   c - +3 dagger
rCold   . . .      Faith    .   n - +0 buckler
rNeg    . . .      Spirit   .   g - +0 leather armour
rPois   .          Reflect  .   (no helmet)
rElec   .          Harm     .   (no cloak)
rCorr   .          Rampage  .   (no gloves)
Will    .....                   (no boots)
Stlth   ++........              (no amulet)
HPRegen 0.11/turn               (no ring)
MPRegen 0.14/turn               (no ring)

@: very slightly contaminated
A: no striking features
a: no special abilities


You were on level 4 of the Dungeon.
You visited 1 branch of the dungeon, and saw 4 of its levels.

You collected 278 gold pieces.

Inventory:

Hand Weapons
 c - a +3 dagger (weapon)
Armour
 g - a +0 leather armour (worn)
 n - a +0 buckler (worn)
Wands
 e - a wand of paralysis (9)
Scrolls
 a - a scroll of poison {unknown}
 k - a scroll of fear {unknown}
 m - a scroll of brand weapon {unknown}
 q - a scroll of magic mapping {unknown}
Potions
 b - a potion of magic
 d - 2 potions of lignification
 f - a potion of mutation {unknown}
 h - a potion of attraction {unknown}
 i - 2 potions of heal wounds {unknown}
 j - 2 potions of curing
 l - a potion of flight {unknown}
 o - a potion of cancellation {unknown}
 p - 2 potions of invisibility {unknown}
 r - a potion of berserk rage {unknown}
 s - a potion of ambrosia {unknown}


   Skills:
 + Level 1.6 Fighting
 - Level 2.4 Dodging
 + Level 4.0 Stealth
 + Level 0.9 Shields
 + Level 4.3 Spellcasting
 * Level 3.7 Conjurations
 * Level 4.4 Air Magic


You had 5 spell levels left.
You knew the following spells:

 Your Spells              Type           Power      Damage    Failure   Level
a - Shock                 Conj/Air       80%        1d8       4%          1
b - Static Discharge      Conj/Air       20%        3-6/arc   7%          2
c - Swiftness             Air            21%        N/A       13%         3
d - Poisonous Vapours     Pois/Air       26%        N/A       16%         2

Your spell library contained the following spells:

 Spells                   Type           Power      Damage    Failure   Level
 Ensorcelled Hibernation  Hex/Ice        8%         N/A       36%         2
 Passwall                 Tmut/Erth      3%         N/A       36%         2
 Airstrike                Air            10%        2d(2-18)  38%         4
 Corpse Rot               Necr/Pois/Air  10%        N/A       80%         4


Dungeon Overview and Level Annotations

Branches:
Dungeon (4/15)             Temple (0/1) D:4

Altars:
Dithmenos
Fedhas
Okawaru
Uskayaw

Shops:
D:1 =

Annotations:
D:4 1 transporter, Dowan, Duvessa


Message History

Duvessa hits you with a +0 short sword!
Casting: Static Discharge (safe; 7% risk of failure)
Confirm with . or Enter, or press ? or * to list all spells.
You miscast Static Discharge.
Nothing appears to happen.
Duvessa hits you with a +0 short sword.
Unknown command.
Casting: Static Discharge (safe; 7% risk of failure)
Confirm with . or Enter, or press ? or * to list all spells.
Duvessa is struck by an arc of lightning.
Duvessa is heavily wounded.
You are struck by an arc of lightning.
Duvessa is struck by an arc of lightning!
Duvessa is severely wounded.
You are struck by an arc of lightning.
* * * LOW HITPOINT WARNING * * *
The lightning grounds out.
Dowan casts a spell at Duvessa.
Duvessa seems to speed up.
You block Duvessa's attack.
Casting: Static Discharge (safe; 7% risk of failure)
Confirm with . or Enter, or press ? or * to list all spells.
Duvessa is struck by an arc of lightning.
Duvessa is severely wounded.
Dowan is struck by an arc of lightning.
Dowan is heavily wounded.
The lightning grounds out.
You block Duvessa's attack. Duvessa hits you with a +0 short sword.
* * * LOW HITPOINT WARNING * * *
Casting: Static Discharge (safe; 7% risk of failure)
Confirm with . or Enter, or press ? or * to list all spells.
Duvessa is struck by an arc of lightning.
Duvessa is almost dead.
You are struck by an arc of lightning.
* * * LOW HITPOINT WARNING * * *
The lightning grounds out.
Dowan gestures wildly while chanting.
Dowan blinks!
Duvessa hits you with a +0 short sword.
* * * LOW HITPOINT WARNING * * *
Okay, then.
Magic courses through your body. Duvessa hits you with a +0 short sword!
You die...

..........#~~≈≈≈≈# #...
..........#...### #...
...........###.# #..~
...........# #.# #~~.
##.####..#.# #.# #...
#. #..#.# #.# ###.#. #
#..#.# #.# #.....
#..#e# #.# #(....
#..#@###'#### #.....
#e.......####.....
#........#.......# ..
##.......#......#.
....###.......#......#.
.)..+.#.......#......#.
.....§........#......#.
≈≈≈§§≈≈≈......######.#.
.......≈.###### #.##


You could see Duvessa (fast, poisoned) and Dowan (empowered).

Vanquished Creatures
  A vampire bat (D:3)
  A jelly (D:4)
  An iguana (D:2)
  An orc wizard (D:4)
  5 adders
  A worm (D:3)
  6 dart slugs
  3 fire bats (D:3)
  5 orcs
  2 spectral bats (D:3)
  17 bats
  3 bat skeletons (D:3)
  A bat zombie (D:3)
  7 endoplasms
  3 giant cockroaches (D:2)
  10 goblins
  6 hobgoblins
  3 jackals (D:1)
  3 kobolds
  5 quokkas
  6 ball pythons
  A bat simulacrum (D:3)
  5 frilled lizards
  7 rats
103 creatures vanquished.

Notes
Turn   | Place    | Note
-------+----------+-------------------------------------------
     0 | D:1      | LustLizard the Deep Elf Air Elementalist began the quest
                  | for the Orb.
     0 | D:1      | Reached XP level 1. HP: 10/10 MP: 6/6
   172 | D:1      | Reached XP level 2. HP: 15/15 MP: 5/8
   685 | D:1      | Found Dunnoiw's Jewellery Boutique.
   821 | D:1      | Reached XP level 3. HP: 20/20 MP: 7/9
  1387 | D:1      | You fall into a shaft and drop 1 floor!
  1670 | D:2      | Learned a level 2 spell: Static Discharge
  1674 | D:2      | Learned a level 3 spell: Swiftness
  1901 | D:2      | Reached XP level 4. HP: 23/24 MP: 0/11
  2091 | D:2      | Reached skill level 1 in Fighting
  2163 | D:2      | Found a faded altar of an unknown god.
  2222 | D:2      | Learned a level 2 spell: Poisonous Vapours
  2650 | D:3      | Found an iron altar of Okawaru.
  2762 | D:3      | Reached XP level 5. HP: 29/29 MP: 9/12
  3211 | D:3      | Reached XP level 6. HP: 34/34 MP: 12/14
  3353 | D:3      | Found a blossoming altar of Fedhas.
  3522 | D:3      | Found a hide-covered altar of Uskayaw.
  3624 | D:4      | Found a transporter.
  3801 | D:4      | Found a shadowy altar of Dithmenos.
  3852 | D:4      | Found a staircase to the Ecumenical Temple.
  3856 | D:4      | Noticed Duvessa
  3857 | D:4      | Noticed Dowan
  3883 | D:4      | Mangled by Duvessa

Illustrated notes

Levels and vault maps discovered:
D:1:      elethiomel_arrival_fortress_basement, layout_basic, serial_curves,
          eino_curves_02, eino_curves_04, serial_shops, nicolae_diamond_shop
D:2:      layout_basic, shapermc_ecumenical_altar_pompeii, minmay_statues_item,
          grunt_ministairs_3
D:3:      layout_rooms, mainiacjoe_overflow_small_starburst,
          nicolae_uskayaw_murder_on_the_dancefloor, amcnicky_altar_gilded,
          goddamned_bats
D:4:      layout_basic, mainiacjoe_overflow_concentric_impassable,
          minmay_temple_entry_glassed_door, gammafunk_ghost_gnarly_gnolls,
          serial_rivers, chequers_serial_rivers_micro_c,
          chequers_serial_rivers_micro_a, chequers_serial_rivers_micro_b,
          chequers_serial_rivers_micro_b, chequers_serial_rivers_room_b,
          serial_shops, kennysheep_little_box, uniq_pikel, uniq_duvessa

Skill      XL: |  1  2  3  4  5  6 |
---------------+-------------------+-----
Conjurations   | 2 3 |  3.7
Stealth        | 3 4 |  4.0
Fighting       | 1 |  1.6
Air Magic      | 4 |  4.4
Spellcasting   | 4 |  4.3
Dodging        | |  2.4
Shields        | |  0.9

Action                   |  1- 3 |  4- 6 || total
-------------------------+-------+-------++-------
Melee: Dagger            |     8 |       ||     8
 Cast: Shock             |    89 |    86 ||   175
       Static Discharge  |     1 |    16 ||    17
       Poisonous Vapours |       |     1 ||     1
  Use: Scroll            |       |     2 ||     2
       Potion            |       |     1 ||     1
Armor: Robe              |     2 |       ||     2
       Leather armour    |     1 |     1 ||     2
Dodge: Dodged            |    20 |    17 ||    37
Block: Buckler           |       |     6 ||     6
